 Dungeon Crawl Stone Soup version 0.26-a0-950-g52035dc9a5 (webtiles) character file.

Game seed: 7735114125329856039

35 Descartes the Shield-Bearer (level 3, 0/29 HPs)
             Began as a Formicid Fighter on Nov 29, 2020.
             Slain by Crazy Yiuf
             ... wielding a +2 quarterstaff of chaos
              (4 damage)
             ... on level 2 of the Dungeon.
             The game lasted 00:04:43 (1516 turns).

Descartes the Shield-Bearer (Formicid Fighter)      Turns: 1516, Time: 00:04:44

Health: 0/29       AC:  6    Str: 20    XL:     3   Next: 55%
Magic:  3/3        EV:  8    Int:  8    God:
Gold:   113        SH:  9    Dex: 10    Spells: 2/2 levels left

rFire    . . .     SeeInvis +   a - +0 long sword
rCold    . . .     Faith    .   c - +0 kite shield
rNeg     . . .     Spirit   .   b - +0 scale mail
rPois    .         Reflect  .   (helmet unavailable)
rElec    .         Harm     .   (no cloak)
rCorr    .         Rampage  .   (no gloves)
MR       .....                  (no boots)
Stlth    ..........             (no amulet)
HPRegen  0.09/turn              (no ring)
MPRegen  0.08/turn              (no ring)

@: lightly drained
A: permanent stasis, dig shafts and tunnels, four strong arms, antennae 3
a: Dig, Shaft Self


You were on level 2 of the Dungeon.
You visited 1 branch of the dungeon, and saw 2 of its levels.

You collected 113 gold pieces.

Inventory:

Hand Weapons
 a - a +0 long sword (weapon)
 g - a +0 hunting sling
Missiles
 l - 59 stones
 t - 19 poisoned darts
Armour
 b - a +0 scale mail (worn)
 c - a +0 kite shield (worn)
Jewellery
 u - a +6 ring of strength {unknown}
 v - an uncursed ring of stealth {unknown}
Scrolls
 e - 2 scrolls of remove curse {unknown}
 f - 3 scrolls of teleportation {unknown}
 i - a scroll of amnesia {unknown}
 k - a scroll of enchant armour {unknown}
 p - a scroll of immolation {unknown}
 q - a scroll of identify {unknown}
Potions
 d - 3 potions of might
 h - 3 potions of haste {unknown}
 j - 2 potions of curing {unknown}
 m - a potion of heal wounds {unknown}
 n - a potion of resistance {unknown}
 o - a potion of degeneration {unknown}
 r - a potion of mutation {unknown}
 s - a potion of flight {unknown}


   Skills:
 - Level 3.2(3.0) Fighting
 - Level 2.0(1.7) Long Blades
 - Level 3.2(3.0) Armour
 + Level 5.2(4.9) Shields


You had 2 spell levels left.
You didn't know any spells.
Your spell library was empty.

Dungeon Overview and Level Annotations

Branches:
Dungeon (2/15)

Altars:
Yredelemnul

Annotations:
D:2 1 runed translucent door, Crazy Yiuf


Innate Abilities, Weirdness & Mutations

You cannot be hasted, slowed, berserked, paralysed or teleported.
You can dig through walls and to a lower floor.
Your four strong arms can wield two-handed weapons with a shield.
You have a pair of large antennae on your head. (SInv)


Message History

You hit Crazy Yiuf but do no damage.
Crazy Yiuf is moderately wounded.
Crazy Yiuf waves his quarterstaff at you.
You block Crazy Yiuf's attack.
You hit Crazy Yiuf but do no damage.
Crazy Yiuf is moderately wounded.
Crazy Yiuf barely misses you.
You riposte.
You closely miss Crazy Yiuf.
Crazy Yiuf is moderately wounded.
Crazy Yiuf yells, "Blight!"
Crazy Yiuf hits you with a +2 quarterstaff of chaos.
* * * LOW HITPOINT WARNING * * *
Crazy Yiuf burns you.
* * * LOW HITPOINT WARNING * * *
You hit Crazy Yiuf.
Crazy Yiuf is heavily wounded.
You block Crazy Yiuf's attack.
You hit Crazy Yiuf.
Crazy Yiuf is almost dead.
Crazy Yiuf hits you with a +2 quarterstaff of chaos.
You die...

##### #)..# #...# ...
#g# ♣@♣♣ ♣♣.♣ ♣.♣♣
♣♣.♣ ♣.♣♣ #########
♣♣♣..♣ ########
####.......# ♣....♣
#....... .....#####.#
#....# #.......
#####.[.##.####....##
#.......


You could see Crazy Yiuf.

Vanquished Creatures
  An adder (D:2)
  2 dart slugs (D:1)
  A leopard gecko (D:2)
  A giant cockroach (D:2)
  2 hobgoblins
  2 kobolds (D:1)
  4 bats
  4 frilled lizards
  3 goblins (D:2)
  A jackal zombie (D:2)
  A rat (D:1)
22 creatures vanquished.

Notes
Turn   | Place    | Note
-------+----------+-------------------------------------------
     0 | D:1      | Descartes the Formicid Fighter began the quest for the Orb.
     0 | D:1      | Reached XP level 1. HP: 18/18 MP: 1/1
   179 | D:1      | Reached skill level 4 in Shields
   320 | D:1      | Reached XP level 2. HP: 24/24 MP: 2/2
   837 | D:2      | Reached skill level 5 in Shields
   837 | D:2      | Reached XP level 3. HP: 23/29 MP: 3/3
  1301 | D:2      | Found a runed translucent door.
  1302 | D:2      | Noticed Crazy Yiuf
  1374 | D:2      | Noticed a human
  1375 | D:2      | Found a runed translucent door.
  1380 | D:2      | Found a basalt altar of Yredelemnul.
  1516 | D:2      | Slain by Crazy Yiuf

Illustrated notes

Levels and vault maps discovered:
D:1:      dpeg_arrival_castle, layout_loops_cross, st_stairs_13,
          item_on_display_a
D:2:      layout_rooms, dk_yredelemnul_ordeal, uniq_crazy_yiuf_cottage

Skill      XL: |  1  2 |
---------------+-------+-----
Shields        | 4 5 |  5.2
Fighting       | |  3.2
Long Blades    | |  2.0
Armour         | |  3.2

Action                   || total
-------------------------++-------
Melee: Long sword        ||    64
Armor: Scale mail        ||    35
Dodge: Dodged            ||    21
Block: Kite shield       ||    39
       Rpst.: Long sword ||     6

Table legend: (Time is in decaauts)
 A = Elapsed time spent in this place.
 B = Non-inter-level travel time spent in this place.
 C = Inter-level travel time spent in this place.
 D = Time resting spent in this place.
 E = Time spent auto-exploring this place.
 F = Levels seen in this place.
 G = Mean time per level.
                   A        B        C        D        E       F      G
               +--------+--------+--------+--------+--------+-----+--------+
         Total |   1544 |   1501 |     43 |      0 |   1271 |   2 |  772.0 |
       Dungeon |   1544 |   1501 |     43 |      0 |   1271 |   2 |  772.0 |
               +--------+--------+--------+--------+--------+-----+--------+

Top non-repeatable levels by time:
     D:1: 784 daAuts
     D:2: 759 daAuts
